 Dungeon Crawl Stone Soup version 0.21.1-1-g345015fe64 (webtiles) character file.

82 JarielCorvus the Magician (level 4, 0/24 HPs)
             Began as a Deep Elf Fire Elementalist on June 30, 2018.
             Killed from afar by Sigmund (10 damage)
             ... with a puff of flame
             ... on level 3 of the Dungeon.
             The game lasted 00:05:57 (2290 turns).

JarielCorvus the Magician (DEFE)                    Turns: 2290, Time: 00:05:57

Health: 0/24       AC:  2    Str:  5    XL:     4   Next: 21%
Magic:  1/12       EV: 13    Int: 21    God:
Gold:   98         SH:  0    Dex: 15    Spells: 3/12 levels left

rFire    . . .     SeeInvis .   (no weapon)
rCold    . . .     Gourm    .   (no shield)
rNeg     . . .     Faith    .   a - +0 robe
rPois    .         Spirit   .   (no helmet)
rElec    .         Reflect  .   (no cloak)
rCorr    .         Harm     +   (no gloves)
MR       .....                  (no boots)
Stlth    ++........             l - amulet of harm
HPRegen  0.08/turn              (no ring)
MPRegen  0.13/turn              (no ring)

@: very slightly contaminated
A: no striking features
a: no special abilities


You were on level 3 of the Dungeon.
You were not hungry.

You visited 1 branch of the dungeon, and saw 3 of its levels.

You collected 98 gold pieces.

Inventory:

Armour
 a - a +0 robe (worn)
Jewellery
 l - an amulet of harm (around neck)
 o - an uncursed ring of wizardry {unknown}
Scrolls
 e - a scroll of enchant armour {unknown}
 h - a scroll of fear {unknown}
 j - a scroll of enchant weapon {unknown}
 n - 2 scrolls of teleportation {unknown}
 p - a scroll of amnesia {unknown}
Potions
 d - a potion of brilliance
 f - a potion of lignification
 g - a potion of agility
 i - 2 potions of flight
 k - 3 potions of curing {unknown}
Books
 b - a book of Flames

   Spells                             Type                      Level
   a - Flame Tongue                   Conjuration/Fire             1
   b - Throw Flame                    Conjuration/Fire             2
   c - Conjure Flame                  Conjuration/Fire             3
   d - Inner Flame                    Hexes/Fire                   3
   e - Sticky Flame                   Conjuration/Fire             4
   f - Fireball                       Conjuration/Fire             5
Comestibles
 c - 5 rations
 m - a chunk of flesh


   Skills:
 - Level 2.4 Dodging
 - Level 2.4 Stealth
 * Level 4.9 Spellcasting
 + Level 2.4 Conjurations
 + Level 3.9 Fire Magic


You had 3 spell levels left.
You knew the following spells:

 Your Spells              Type           Power        Failure   Level  Hunger
a - Flame Tongue          Conj/Fire      ###..        3%          1    None
b - Throw Flame           Conj/Fire      ###...       4%          2    None
c - Conjure Flame         Conj/Fire      ###.....     9%          3    ##.....
d - Inner Flame           Hex/Fire       ##......     14%         3    ##.....


Dungeon Overview and Level Annotations

Branches:
Dungeon (3/15)

Altars:
Elyvilon
Fedhas
Sif Muna

Annotations:
D:3 Sigmund


Message History

Aiming: Conjure Flame
Press: ? - help, Dir - move target cursor You miscast Conjure Flame.
You are very lightly contaminated with residual magic.
You are momentarily dazzled by a flash of light!
Sigmund shouts!
Sigmund drinks a potion.
Sigmund flickers and vanishes!
Deactivating autopickup; reactivate with Ctrl-A.
Casting: Conjure Flame
Confirm with . or Enter, or press ? or * to list all spells.
Aiming: Conjure Flame
Press: ? - help, Dir - move target cursor The fire ignites!
A puff of flame appears from out of thin air!
The puff of flame hits you!
Ouch! That really hurt!
Found 13 gold pieces.
A puff of flame appears from out of thin air!
The puff of flame hits you!
You die...

.# #.# #.# ##### #.#
#### ########..=###.#
.....
#$.............##.....
###.....................
.......@...#.........@..
###........#.....##....
#........##....# .
#........##....#
#.#........###'#.#
###.####+#...###.#.#.#
(......#.#.#)........#
#.........##########
####.)#.#........


There were no monsters in sight!

Vanquished Creatures
  2 adders (D:2)
  A worm (D:2)
  3 dart slugs
  A leopard gecko (D:1)
  An orc (D:3)
  4 ball pythons
  5 bats
  3 giant cockroaches
  7 goblins
  6 hobgoblins
  3 jackals (D:3)
  A frilled lizard (D:2)
  4 kobolds
  6 rats
47 creatures vanquished.

Notes
Turn   | Place    | Note
-------+----------+-------------------------------------------
     0 | D:1      | JarielCorvus the Deep Elf Fire Elementalist began the quest for the Orb.
     0 | D:1      | Reached XP level 1. HP: 10/10 MP: 6/6
   340 | D:1      | Reached XP level 2. HP: 15/15 MP: 5/8
   344 | D:1      | Learned a level 2 spell: Throw Flame
   787 | D:1      | Reached skill level 4 in Spellcasting
   909 | D:1      | Reached XP level 3. HP: 19/19 MP: 6/10
   914 | D:1      | Learned a level 3 spell: Conjure Flame
   918 | D:1      | Learned a level 3 spell: Inner Flame
  1438 | D:2      | Found a deep blue altar of Sif Muna.
  1519 | D:2      | Found a blossoming altar of Fedhas.
  1758 | D:2      | Found a white marble altar of Elyvilon.
  1883 | D:2      | Reached XP level 4. HP: 23/24 MP: 3/12
  2274 | D:3      | Noticed Sigmund
  2290 | D:3      | Killed from afar by Sigmund

Skill      XL: |  1  2  3 |
---------------+----------+-----
Spellcasting   | 4 |  4.9
Conjurations   | 2 |  2.4
Dodging        | |  2.4
Stealth        | |  2.4
Fire Magic     | |  3.9

Action                   |  1- 3 |  4- 6 || total
-------------------------+-------+-------++-------
 Cast: Flame Tongue      |    26 |     2 ||    28
       Throw Flame       |    41 |     7 ||    48
       Conjure Flame     |       |     1 ||     1
  Use: Scroll            |     4 |     1 ||     5
  Eat: Ration            |     1 |       ||     1
       Chunk             |       |     1 ||     1
Armor: Robe              |     6 |       ||     6
Dodge: Dodged            |    19 |     1 ||    20
